 Dungeon Crawl Stone Soup version 0.30-a0-177-g1cb5dbfd7a (webtiles) character file.

Game seed: 6182779397451021294

109 zxpr0jk the Slasher (level 4, -1/26 (29) HPs)
             Began as a Vampire Reaver on Oct 3, 2022.
             Slain by an orc
             ... wielding a +0 war axe
              (6 damage)
             ... on level 3 of the Dungeon.
             The game lasted 00:08:31 (2362 turns).

zxpr0jk the Slasher (Vampire Reaver)                Turns: 2362, Time: 00:08:31

HP:   -1/26 (29)    AC:  3    Str: 13 (15) XL:     4   Next: 59%
MP:   6/6           EV: 12    Int: 12 (14) God:
Gold: 121           SH:  0    Dex: 11 (13) Spells: 6/7 levels left

rFire   . . .      SeeInvis +    a - +0 falchion
rCold   + . .      Faith    .    (no shield)
rNeg    . . .      Spirit   .    b - +0 leather armour
rPois   .          Reflect  .    (no helmet)
rElec   .          Harm     .    (no cloak)
rCorr   +          Rampage  .    (no gloves)
Will    .....                    (no boots)
Stlth   +.........               (no amulet)
HPRegen 0.44/turn                i - ring of resist corrosion
MPRegen 0.10/turn                (no ring)

@: healing quickly, heavily drained, unable to read
A: alive, fangs 3, see invisible, vampiric 2, cold resistance 1, low MP 1,
strong 1, inability to read after injury 1, [frail 1]
a: Exsanguinate


You were on level 3 of the Dungeon.
You visited 1 branch of the dungeon, and saw 3 of its levels.

You collected 121 gold pieces.

Inventory:

Hand Weapons
 a - a +0 falchion (weapon)
 c - a +0 spear of venom
 f - a +0 spear of venom
Armour
 b - a +0 leather armour (worn)
Jewellery
 i - a ring of resist corrosion (left hand)
Scrolls
 d - a scroll of immolation {unknown}
 e - 2 scrolls of blinking
 g - a scroll of summoning {unknown}
 h - a scroll of fear {unknown}
 j - 2 scrolls of noise {unknown}
Potions
 k - 2 potions of curing {unknown}


   Skills:
 - Level 1.7 Fighting
 * Level 4.3 Long Blades
 * Level 4.1 Dodging
 - Level 2.0 Spellcasting
 - Level 2.1 Conjurations


You had 6 spell levels left.
You knew the following spells:

 Your Spells              Type           Power      Damage    Failure   Level
a - Kiss of Death         Conj/Necr      12%        2d6       22%         1

Your spell library contained the following spells:

 Spells                   Type           Power      Damage    Failure   Level
 Momentum Strike          Conj/Tloc      6%         3d8       32%         2
 Beastly Appendage        Tmut           2%         N/A       34%         1
 Wereblood                Tmut           1%         N/A       45%         2
 Hailstorm                Conj/Ice       3%         3d3       54%         3
 Inner Flame              Hex/Fire       1%         N/A       71%         3
 Spider Form              Tmut/Pois      1%         N/A       71%         3
 Cause Fear               Hex            0%         N/A       98%         4
 Discord                  Hex            0%         N/A       100%        8


Dungeon Overview and Level Annotations

Branches:
Dungeon (3/15)

Altars:

Shops:
D:3 [


Innate Abilities, Weirdness & Mutations

Your natural rate of healing is accelerated.
You have razor-sharp teeth.
You have supernaturally acute eyesight. (SInv)
You are afflicted with vampirism and can become a bat while bloodless.
Your flesh is cold resistant. (rC+)
Your magical capacity is low. (-10% MP)
Your muscles are strong. (Str +4, Int/Dex -1)
You occasionally lose the ability to read scrolls when taking damage.
[You are frail. (-10% HP)]


Message History

The dart slug is severely wounded.
You hit the dart slug.
You kill the dart slug!
No target in view!
No target in view!
No target in view!
No target in view!
Found a leather armour.
Found a stone staircase leading down.
An adder, 2 orcs and an orc priest come into view.
Found 5 gold pieces and a scroll labelled WUICLE DIQO.
The orc shouts!
The orc priest shouts!
An orc comes into view.
It is wielding a +0 mace and wearing a +2 ring mail of willpower.
An orc comes into view. It is wielding a +0 dagger.
The adder moves out of view.
You start waiting.
There are monsters nearby!
An orc is nearby!
You barely miss the orc. The orc hits you but does no damage.
The orc priest mumbles some strange prayers to Beogh against you.
Beogh smites you!
You hit the orc.
You kill the orc!
You hit the orc priest.
The orc priest is moderately wounded.
The orc priest hits you with a +0 whip.
You feel threatened and lose the ability to read scrolls!
You hit the orc priest.
The orc priest is severely wounded.
You can read scrolls again.
The orc priest barely misses you.
You closely miss the orc priest.
The orc priest is severely wounded.
The orc priest invokes the aid of Beogh against you.
Pain shoots through your body!
You feel threatened and lose the ability to read scrolls!
* * * LOW HITPOINT WARNING * * *
You barely miss the orc priest.
The orc priest is severely wounded.
The orc hits you with a +0 war axe.
You die...

######## # #......###
#......... ### #.........
#.## #.......## #..#
#.##....# #..# #.#..####
#.o########.#.#####
#.o@..##..........##
#.###.......(....... # #.#
####............ #. #o#
#............ o.. #o#
#...........# .oo. #.#
##..#........ o.... #o#
##..#....##.##
......##.#####............#
..o[............##........#


You could see an orc priest and an orc.

Vanquished Creatures
  4 adders (D:2)
  A dart slug (D:3)
  6 orcs (D:3)
  2 bats
  6 endoplasms
  6 goblins
  4 hobgoblins
  7 jackals
  2 quokkas
  7 ball pythons
  3 frilled lizards
  6 kobolds
  3 rats (D:1)
57 creatures vanquished.

Notes
Turn   | Place    | Note
-------+----------+-------------------------------------------
     0 | D:1      | zxpr0jk the Vampire Reaver began the quest for the Orb.
     0 | D:1      | Reached XP level 1. HP: 16/16 MP: 3/3
   223 | D:1      | Reached XP level 2. HP: 2/15 MP: 3/5
  1176 | D:2      | Gained mutation: You are afflicted with vampirism and can
                  | become a bat while bloodless. [Vampire growth]
  1176 | D:2      | Reached XP level 3. HP: 10/20 MP: 6/6
  1490 | D:2      | Found a faded altar of an unknown god.
  1511 | D:2      | Gained mutation: Your muscles are strong. (Str +4, Int/Dex
                  | -1) [potion of mutation]
  1511 | D:2      | Gained mutation: You have hidden genetic defects. [potion
                  | of mutation]
  1511 | D:2      | Gained mutation: Your flesh is cold resistant. (rC+)
                  | [potion of mutation]
  1739 | D:2      | Reached XP level 4. HP: 26/26 MP: 7/7
  1805 | D:2      | Gained mutation: Your magical capacity is low. (-10% MP)
                  | [hidden defects]
  2095 | D:3      | Found Xetomes's Armour Shoppe.
  2281 | D:3      | Gained mutation: You occasionally lose the ability to read
                  | scrolls when taking damage. [hidden defects]
  2281 | D:3      | Lost mutation: You have hidden genetic defects. [hidden
                  | defects expressed]
  2362 | D:3      | Slain by an orc

Illustrated notes

Levels and vault maps discovered:
D:1:      matt_arrival_refuge, layout_basic
D:2:      layout_loops_ring, nicolae_ecumenical_snake_handling,
          chequers_hall_statues_corner_a
D:3:      layout_rooms, lemuel_round_altar, serial_shops, shop

Skill      XL: |  1  2  3  4 |
---------------+-------------+-----
Dodging        | 3 4 |  4.1
Long Blades    | 4 |  4.3
Fighting       | |  1.7
Spellcasting   | |  2.0
Conjurations   | |  2.1

Action                   |  1- 3 |  4- 6 || total
-------------------------+-------+-------++-------
Melee: Falchion          |   109 |    85 ||   194
       Bite              |    12 |     8 ||    20
       Punch             |       |     3 ||     3
 Cast: Kiss of Death     |     2 |     1 ||     3
 Abil: Exsanguinate      |     1 |       ||     1
       Bat Form          |       |     1 ||     1
       Revivify          |       |     1 ||     1
  Use: Scroll            |     2 |       ||     2
       Potion            |     1 |     1 ||     2
 Stab: Sleeping          |    10 |     1 ||    11
Armor: Leather armour    |    16 |    19 ||    35
Dodge: Dodged            |    78 |    71 ||   149

Table legend: (Time is in decaauts)
 A = Elapsed time spent in this place.
 B = Non-inter-level travel time spent in this place.
 C = Inter-level travel time spent in this place.
 D = Time resting spent in this place.
 E = Time spent auto-exploring this place.
 F = Levels seen in this place.
 G = Mean time per level.
                   A        B        C        D        E       F      G
               +--------+--------+--------+--------+--------+-----+--------+
         Total |   2382 |   2320 |     62 |    296 |   1481 |   3 |  794.0 |
       Dungeon |   2382 |   2320 |     62 |    296 |   1481 |   3 |  794.0 |
               +--------+--------+--------+--------+--------+-----+--------+

Top non-repeatable levels by time:
     D:1: 1163 daAuts
     D:2: 863 daAuts
     D:3: 355 daAuts
